 Dungeon Crawl Stone Soup version 0.31.0-10-gcf4a605ca0 (webtiles) character file.

Game seed: 6948627127084589828

51 zenocrate the Sneak (level 3, 0/16 HPs)
             Began as a Vine Stalker Enchanter on Jan 26, 2024.
             Killed by nerve-wracking pain
             ... invoked by an orc priest
              (14 damage)
             ... on level 3 of the Dungeon.
             The game lasted 00:03:01 (1867 turns).

zenocrate the Sneak (Vine Stalker Enchanter)        Turns: 1867, Time: 00:03:01

Health: 0/16       AC:  2    Str: 10    XL:     3   Next: 83%
Magic:  0/7        EV: 12    Int: 15    God:
Gold:   117        SH:  0    Dex: 16    Spells: 1/6 levels left

rFire   . . .        a - +1 dagger
rCold   . . .        (no shield)
rNeg    . . .        b - +0 robe
rPois   .            (no helmet)
rElec   .            (no cloak)
rCorr   .            (no gloves)
SInv    .            (no boots)
Will    .....        (no amulet)
Stlth   +++          (no ring)
HPRegen 1.02/turn    (no ring)
MPRegen 0.10/turn

%: guardian spirit
@: very slightly contaminated
A: fangs 2, regeneration 1, magic shield, antimagic bite, no potion heal 2
a: no special abilities


You were on level 3 of the Dungeon.
You visited 1 branch of the dungeon, and saw 3 of its levels.

You collected 117 gold pieces.

Inventory:

Hand Weapons
 a - a +1 dagger (weapon)
Armour
 b - a +0 robe (worn)
Scrolls
 d - a scroll of poison {unknown}
 e - a scroll of noise {unknown}
 f - 2 scrolls of enchant weapon {unknown}
 h - 2 scrolls of identify {unknown}
 i - 2 scrolls of brand weapon {unknown}
 j - a scroll of fear {unknown}
 k - a scroll of enchant armour {unknown}
Potions
 c - 2 potions of invisibility
 g - a potion of mutation {unknown}


   Skills:
 + Level 1.5 Short Blades
 + Level 2.1 Dodging
 * Level 4.4 Stealth
 - Level 2.1 Spellcasting
 + Level 3.3 Hexes
 + Level 0.5 Ice Magic


You had one spell level left.
You knew the following spells:

 Your Spells              Type           Power      Damage    Failure   Level
a - Ensorcelled Hibernat  Hex/Ice        14%        N/A       14%         2
b - Confusing Touch       Hex            11%        N/A       16%         3

Your spell library contained the following spells:

 Spells                   Type           Power      Damage    Failure   Level
 Tukima's Dance           Hex            11%        N/A       16%         3
 Dazzling Flash           Conj/Hex       12%        N/A       32%         3
 Dimensional Bullseye     Hex/Tloc       3%         N/A       73%         4
 Iskenderun's Mystic Bla  Conj/Tloc      1%         2d3       91%         4


Dungeon Overview and Level Annotations

Branches:
Dungeon (3/15)

Altars:

Shops:
D:1 !


Innate Abilities, Weirdness & Mutations

You have extremely sharp teeth.
Your natural rate of healing is unusually fast.
When hurt, damage is shared between your health and your magic reserves.
Your bite disrupts and absorbs the magic of your enemies.
Potions cannot restore your health.


Message History

Confirm with . or Enter, or press ? or * to list all spells.
Aiming: Ensorcelled Hibernation (safe; 16% risk of failure)
Press: ? - help, Shift-Dir - straight line, f - goblin
Aim: a goblin, wielding a +0 club (chance to affect: 58%)
The goblin looks drowsy...
The helpless goblin fails to defend itself.
You impale the goblin!!
You kill the goblin!
Magic restored.
Done exploring.
You climb downwards.
There is a stone staircase leading up here.
Casting: Ensorcelled Hibernation (safe; 14% risk of failure)
Confirm with . or Enter, or press ? or * to list all spells.
Aiming: Ensorcelled Hibernation (safe; 14% risk of failure)
Press: ? - help, Shift-Dir - straight line, f - orc priest
Aim: an orc priest, wielding a +0 dagger (chance to affect: 40%)
You miscast Ensorcelled Hibernation.
You are very lightly contaminated with residual magic.
Nothing appears to happen.
The orc priest misses you.
Casting: Ensorcelled Hibernation (safe; 14% risk of failure)
Confirm with . or Enter, or press ? or * to list all spells.
Aiming: Ensorcelled Hibernation (safe; 14% risk of failure)
Press: ? - help, Shift-Dir - straight line, f/p - orc priest
Aim: an orc priest, wielding a +0 dagger (chance to affect: 40%)
The orc priest resists with some effort.
The orc priest hits you with a +0 dagger.
Casting: Ensorcelled Hibernation (safe; 14% risk of failure)
Confirm with . or Enter, or press ? or * to list all spells.
Aiming: Ensorcelled Hibernation (safe; 14% risk of failure)
Press: ? - help, Shift-Dir - straight line, f/p - orc priest
Aim: an orc priest, wielding a +0 dagger (chance to affect: 40%)
The orc priest resists with some effort.
The orc priest hits you with a +0 dagger.
You hit the orc priest.
The orc priest is lightly wounded.
The orc priest calls down the wrath of Beogh upon you.
Pain shoots through your body!
Ouch! That really hurt!
You die...

##########
#......?.#
#........#
#........#######
.........#...o@#
.....o...+...###
.........#.#.#
#...og.....#.#
#.........$#.#
#......(.###.#
#........+ ..#
#........# ###
#........#


You could see an orc priest.

Vanquished Creatures
  An adder (D:2)
  A dart slug (D:1)
  2 orcs
  3 bats (D:2)
  3 endoplasms
  A giant cockroach (D:1)
  3 goblins
  6 hobgoblins
  4 quokkas
  2 ball pythons
  2 frilled lizards
  3 kobolds
  2 rats
33 creatures vanquished.

Notes
Turn   | Place    | Note
-------+----------+-------------------------------------------
     0 | D:1      | zenocrate the Vine Stalker Enchanter began the quest for
                  | the Orb.
     0 | D:1      | Reached XP level 1. HP: 9/9 MP: 4/4
    90 | D:1      | Reached skill level 1 in Short Blades
   111 | D:1      | Found Hisch's Distillery.
   127 | D:1      | Reached XP level 2. HP: 11/13 MP: 6/6
   595 | D:1      | Reached skill level 4 in Stealth
   779 | D:1      | Learned a level 2 spell: Ensorcelled Hibernation
   979 | D:2      | Reached XP level 3. HP: 14/16 MP: 3/7
   983 | D:2      | Learned a level 3 spell: Confusing Touch
  1867 | D:3      | Killed from afar by an orc priest

Illustrated notes

Levels and vault maps discovered:
D:1:      enne_arrival_octagon_isle, layout_loops_ring, serial_shops, shop,
          kennysheep_nondescript, bh_walls_and_bars
D:2:      layout_loops_corners
D:3:      layout_basic, minmay_surrounded

Skill      XL: |  1  2  3 |
---------------+----------+-----
Short Blades   | 1 |  1.5
Stealth        | 4 |  4.4
Dodging        | 2 |  2.1
Spellcasting   | |  2.1
Hexes          | |  3.3
Ice Magic      | |  0.5

Action                     || total
---------------------------++-------
  Melee: Dagger            ||    82
         Bite              ||    17
         Punch             ||     1
   Cast: Ensorcelled Hiber ||     7
   Stab: Sleeping          ||    12
 Armour: Robe              ||    44
  Dodge: Dodged            ||    47
